 Dungeon Crawl Stone Soup version bcrawl-1.23.1-30-gcf7fa35852 (webtiles) character file.

Game seed: 7050621389288691478

113 diana the Chopper (level 4, 0/35 HPs)
             Began as a Demonspawn Gladiator on May 30, 2020.
             Succumbed to a worker ant's poison
             ... on level 3 of the Dungeon.
             The game lasted 00:02:31 (2837 turns).

diana the Chopper (Demonspawn Gladiator)            Turns: 2837, Time: 00:02:32

Health: 0/35       AC:  7    Str: 15 (16) XL:     4   Next: 65%
Magic:  4/4        EV:  4    Int:  8 (9)  God:
Gold:   47         SH:  7    Dex: 12 (14) Spells: 3/3 levels left

rFire    . . .     SeeInvis .   a - +1 war axe
rCold    . . .     Gourm    .   n - +0 medium shield
rNeg     . . .     Faith    .   m - +0 scale mail
rPois    .         Spirit   .   c - +0 helmet
rElec    .         Reflect  .   (no cloak)
rCorr    .         Harm     .   (no gloves)
MR       .....                  (no boots)
Stlth    ..........             (no amulet)
HPRegen  0.11/turn              (no ring)
MPRegen  0.09/turn              (no ring)

@: lethally poisoned (0 -> -3), very slightly contaminated, invisible
A: spiny 1
a: no special abilities


You were on level 3 of the Dungeon.
You were not hungry.

You visited 1 branch of the dungeon, and saw 3 of its levels.

You collected 47 gold pieces.

Inventory:

Hand Weapons
 a - a +1 war axe (weapon)
Missiles
 d - 3 throwing nets (quivered) {!f}
Armour
 b - a +0 leather armour
 c - a +0 helmet (worn)
 m - a +0 scale mail (worn)
 n - a +0 medium shield (worn)
Wands
 r - a wand of acid (6)
Scrolls
 j - a scroll of teleportation
 k - a scroll of remove curse
Potions
 l - a potion of degeneration
Comestibles
 e - 7 rations {!d}
 p - 2 chunks of flesh


   Skills:
 + Level 3.1 Fighting
 * Level 4.2 Axes
 - Level 1.7 Throwing
 - Level 2.6 Dodging
 + Level 0.8 Shields


You had 3 spell levels left.
You didn't know any spells.
Your spell library was empty.

Dungeon Overview and Level Annotations

Branches:
Dungeon (3/12)

Altars:
Yredelemnul
The Shining One


Innate Abilities, Weirdness & Mutations

You are partially covered in sharp spines.


Message History

You feel sick.
As you read the scroll labeled IGO YTUGOETUAHORE, it crumbles to dust.
You feel blessed for a moment.
It was a scroll of remove curse.
As you read the scroll labeled LURCHEY ATWYDGH, it crumbles to dust.
You assume a fearsome visage.
Nothing appears to happen.
It was a scroll of fear.
Your surroundings seem slightly different.
* * * LOW HITPOINT WARNING * * *
You feel sick.
* * * LOW HITPOINT WARNING * * *
You feel sick.
* * * LOW HITPOINT WARNING * * *
You feel sick.
* * * LOW HITPOINT WARNING * * *
You feel sick.
* * * LOW HITPOINT WARNING * * *
You feel sick.
* * * LOW HITPOINT WARNING * * *
You feel sick.
You die...

.#.##.#...........#.#
.#.##.#......##.###.#
.#..#.#...........#.#
.##.#.#(........#.#'########
..#...##.##+#..............#
..##..##...................#
..'..>#####.#..............#
..##### #.#..............#
..# ###.#...@.......^..# ..#
#....<.............# ..#
#.####.†...........# ### #.
+.............# ##
#.............#
#.............#
###############


There were no monsters in sight!

Vanquished Creatures
  2 worker ants (D:3)
  A gnoll (D:2)
  A worm (D:1)
  2 dart slugs
  A leopard gecko (D:2)
  An orc (D:2)
  2 giant cockroaches (D:2)
  2 goblins
  7 hobgoblins
  3 quokkas
  2 ball pythons
  7 bats
  A frilled lizard (D:2)
  11 kobolds
  5 rats
48 creatures vanquished.

Notes
Turn   | Place    | Note
-------+----------+-------------------------------------------
     0 | D:1      | diana the Demonspawn Gladiator began the quest for the Orb.
     0 | D:1      | Reached XP level 1. HP: 16/16 MP: 1/1
   353 | D:1      | Reached skill level 3 in Axes
   519 | D:1      | Gained mutation: You are partially covered in sharp spines.
                  | [demonic ancestry]
   519 | D:1      | Reached XP level 2. HP: 22/22 MP: 2/2
  1414 | D:2      | Found a basalt altar of Yredelemnul.
  1490 | D:2      | Reached XP level 3. HP: 25/28 MP: 3/3
  2423 | D:3      | Found a glowing golden altar of the Shining One.
  2512 | D:3      | Reached skill level 4 in Axes
  2512 | D:3      | Reached XP level 4. HP: 24/35 MP: 4/4
  2831 | D:3      | HP: 1/35 [poisoned by a worker ant]
  2837 | D:3      | Succumbed to a worker ant's poison

Skill      XL: |  1  2  3 |
---------------+----------+-----
Axes           | 3 4 |  4.2
Fighting       | 3 |  3.1
Throwing       | |  1.7
Dodging        | |  2.6
Shields        | |  0.8

Action                   |  1- 3 |  4- 6 || total
-------------------------+-------+-------++-------
Melee: War axe           |   106 |    14 ||   120
  Use: Scroll            |       |     5 ||     5
       Potion            |       |     4 ||     4
 Stab: Sleeping          |     1 |       ||     1
  Eat: Chunk             |     5 |     1 ||     6
Armor: Leather armour    |    24 |       ||    24
       Scale mail        |    10 |    10 ||    20
Dodge: Dodged            |    58 |     1 ||    59
Block: Medium shield     |     2 |     8 ||    10
